 Dungeon Crawl Stone Soup version 0.31-a0-210-gccc998df9b (webtiles) character file.

Game seed: 9124519812334970503

362 Dittersdorf the Shield-Bearer (level 6, -1/40 HPs)
             Began as a Gargoyle Fighter on June 29, 2023.
             Was an Initiate of Okawaru.
             Slain by Pikel
             ... wielding a +1 whip of freezing
              (2 damage)
             ... on level 4 of the Dungeon.
             The game lasted 00:04:28 (3353 turns).

Dittersdorf the Shield-Bearer (Gargoyle Fighter)    Turns: 3353, Time: 00:04:29

Health: -1/40      AC: 13    Str: 21    XL:     6   Next: 66%
Magic:  6/6        EV:  9    Int:  9    God:    Okawaru [......]
Gold:   167        SH:  4    Dex:  9    Spells: 5/5 levels left

rFire   . . .        a - +1 flail
rCold   . . .        c - +0 buckler
rNeg    + . .        m - +2 scale mail {Will+}
rPois   ∞            (no helmet)
rElec   +            (no cloak)
rCorr   .            (no gloves)
SInv    .            (no boots)
Will    +....        f - amulet of magic regeneration Stlth
                     (no ring)
HPRegen 0.26/turn    (no ring)
MPRegen 0.50/turn

%: no passive effects
@: no status effects
A: sickness immunity, AC +4, negative energy resistance 1, electricity
resistance, torment resistance 1, petrification resistance
a: Renounce Religion


You were on level 4 of the Dungeon.
You worshipped Okawaru.
Okawaru was noncommittal.
You visited 2 branches of the dungeon, and saw 5 of its levels.
You also visited: Sewer.

You collected 167 gold pieces.

Inventory:

Hand Weapons
 a - a +1 flail (weapon)
Missiles
 i - a throwing net
 o - 8 poisoned darts (quivered)
Armour
 c - a +0 buckler (worn)
 k - a +0 plate armour
 m - a +2 scale mail of willpower (worn)
Jewellery
 f - an amulet of magic regeneration (around neck)
Scrolls
 j - 2 scrolls of teleportation
 l - a scroll of poison
 p - a scroll of fog {unknown}
 s - a scroll of enchant weapon
 t - a scroll of immolation {unknown}
Potions
 b - a potion of mutation {unknown}
 d - a potion of might
 e - 3 potions of lignification {unknown}
 g - a potion of enlightenment
 h - a potion of berserk rage
 n - a potion of heal wounds
 q - a potion of resistance
 r - a potion of curing


   Skills:
 + Level 4.8 Fighting
 + Level 3.7 Maces & Flails
 + Level 4.8 Armour
 + Level 4.9 Shields


You had 5 spell levels left.
You didn't know any spells.
Your spell library contained the following spells:

 Spells                   Type           Power      Damage    Failure   Level
 Ignite Poison            Fire/Tmut/Pois 0%         N/A       98%         3
 Sticky Flame             Conj/Fire      0%         2d3       100%        4
 Ignition                 Fire           0%         3d3       100%        8


Dungeon Overview and Level Annotations

Branches:
Dungeon (4/15)             Temple (1/1) D:4           Sewer (visited)

Altars:
Cheibriados
Dithmenos
Fedhas
Gozag
Kikubaaqudgha
Makhleb
Nemelex Xobeh
Okawaru
Uskayaw
Vehumet
Wu Jian
Xom
Yredelemnul
The Shining One

Shops:
D:4 !

Annotations:
D:4 Pikel


Innate Abilities, Weirdness & Mutations

You are immune to sickness and miasma.
Your stone body is resilient. (AC +4)
You are immune to poison.
You resist negative energy. (rN+)
You are resistant to electric shocks. (rElec)
You are resistant to unholy torment.
You are immune to petrification.


Message History

You are too injured to fight recklessly!
You are too injured to fight recklessly!
You are too injured to fight recklessly!
You are too injured to fight recklessly!
You are too injured to fight recklessly!
You are too injured to fight recklessly!
You are too injured to fight recklessly!
You are too injured to fight recklessly!
You are too injured to fight recklessly!
You are too injured to fight recklessly!
You are too injured to fight recklessly!
You are too injured to fight recklessly!
You are too injured to fight recklessly!
You hit Pikel but do no damage.
Pikel is moderately wounded.
Pikel hits you with a +1 whip of freezing.
Pikel freezes you.
* * * LOW HITPOINT WARNING * * *
You closely miss Pikel.
Pikel is moderately wounded.
Pikel barely misses you.
You barely miss Pikel.
Pikel is moderately wounded.
Pikel hits you but does no damage.
You hit Pikel but do no damage.
Pikel is moderately wounded.
Pikel hits you with a +1 whip of freezing.
* * * LOW HITPOINT WARNING * * *
Pikel freezes you.
* * * LOW HITPOINT WARNING * * *
There is a fountain of clear blue water here.
You see here a giant cockroach corpse.
Pikel attacks as you move away!
Pikel hits you with a +1 whip of freezing.
* * * LOW HITPOINT WARNING * * *
Pikel freezes you.
* * * LOW HITPOINT WARNING * * *
Pikel attacks as you move away!
Pikel hits you with a +1 whip of freezing.
You die...

#.# #.###.###.# #.# #.........#
#.. #+## #####.##### #.#
####...## #.##### ... ####
........## ###.##...##.##...##
##.......## ##.#.#.8.8.#.#.8.8.#
.#........####....#.._..#.#.._..#
....##....+>......#.8...#.#...8.#
.....#....####..@###...'#.#'...#
.##.....)# ##..K.#####...#####.
..#.....## ###..55..5.⌠...5...
.......## ##.#####...#####.
....#'## ###...'#.#'...# .####.#
#.8...#.#...8.# ....#.#
#.._..#.#.._..# ###.#.###
#.8.8.#.#.8.8.# ........#
##...##.##...##


You could see Pikel and 2 lemures.

Vanquished Creatures
  Pargi (Sewer)
  A hound (D:4)
  A sleepcap (D:4)
  Jessica (D:2)
  An iguana (D:4)
  Ijyb (D:4)
  2 adders
  A river rat (D:3)
  An ufetubus (D:4)
  2 worms
  3 orcs (D:3)
  11 bats
  8 endoplasms
  4 giant cockroaches
  13 goblins
  6 hobgoblins
  4 jackals (D:3)
  4 quokkas
  8 ball pythons
  6 frilled lizards
  2 kobolds
  5 rats
86 creatures vanquished.

Notes
Turn   | Place    | Note
-------+----------+-------------------------------------------
     0 | D:1      | Dittersdorf the Gargoyle Fighter began the quest for the
                  | Orb.
     0 | D:1      | Reached XP level 1. HP: 14/14 MP: 1/1
   118 | D:1      | Reached XP level 2. HP: 6/19 MP: 2/2
   647 | D:2      | Reached XP level 3. HP: 23/24 MP: 3/3
   699 | D:2      | Noticed Jessica
   718 | D:2      | Killed Jessica
   719 | D:2      | Reached XP level 4. HP: 23/29 MP: 4/4
  1058 | D:2      | Found a faded altar of an unknown god.
  1446 | D:3      | Found a glowing drain.
  1462 | Sewer    | Entered a sewer
  1504 | Sewer    | Noticed Pargi
  1524 | Sewer    | Killed Pargi
  1525 | Sewer    | Reached XP level 5. HP: 3/34 MP: 5/5
  2207 | D:3      | Reached XP level 6. HP: 37/39 MP: 6/6
  2615 | D:4      | Noticed Ijyb
  2654 | D:4      | Killed Ijyb
  2718 | D:4      | Found Hiczi's Distillery.
  3065 | D:4      | Found a staircase to the Ecumenical Temple.
  3074 | Temple   | Entered the Ecumenical Temple
  3090 | Temple   | Became a worshipper of Warmaster Okawaru
  3316 | D:4      | Found an opulent altar of Gozag.
  3319 | D:4      | Found a snail-covered altar of Cheibriados.
  3322 | D:4      | Found a burning altar of Makhleb.
  3325 | D:4      | Found a shimmering altar of Xom.
  3328 | D:4      | Noticed Pikel
  3350 | D:4      | HP: 1/40 [Pikel/+1 whip of freezing (2)]
  3353 | D:4      | Slain by Pikel

Illustrated notes

Levels and vault maps discovered:
D:1:      wander_arrival_fairy_ring, layout_rooms, minmay_misc_feat_ornament
D:2:      layout_loops_ring, ebering_ecumenical_altar_hall, uniq_jessica
D:3:      layout_loops_cross, gup_sewer_entry_bowl
D:4:      layout_loops_corners, grunt_temple_overflow_cloverleaf,
          minmay_temple_entry_purple_smoke, serial_shops, shop_statue,
          minmay_misc_feat_iff, minmay_hedge_maze, hangedman_decor_points,
          nrook_mini_backslash, uniq_pikel, uniq_ijyb
Temple:   hellmonk_temple_of_storms

Skill      XL: |  1  2  3  4 |
---------------+-------------+-----
Armour         | 4 |  4.8
Fighting       | 4 |  4.8
Shields        | 4 |  4.9
Maces & Flails | 3 |  3.7

Action                     |  1- 3 |  4- 6 || total
---------------------------+-------+-------++-------
  Melee: Flail             |    67 |   284 ||   351
  Throw: Dart              |       |     5 ||     5
    Use: Scroll            |       |    10 ||    10
         Potion            |       |     1 ||     1
 Armour: Scale mail        |    37 |   170 ||   207
  Dodge: Dodged            |    34 |   151 ||   185
  Block: Buckler           |    15 |    47 ||    62

Table legend: (Time is in decaauts)
 A = Elapsed time spent in this place.
 B = Non-inter-level travel time spent in this place.
 C = Inter-level travel time spent in this place.
 D = Time resting spent in this place.
 E = Time spent auto-exploring this place.
 F = Levels seen in this place.
 G = Mean time per level.
                   A        B        C        D        E       F      G
               +--------+--------+--------+--------+--------+-----+--------+
         Total |   3459 |   3235 |    224 |    218 |   2136 |   6 |  576.5 |
       Dungeon |   3189 |   2978 |    211 |     95 |   2115 |   4 |  797.2 |
        Temple |     31 |     18 |     13 |      0 |      8 |   1 |   31.0 |
         Sewer |    238 |    238 |      0 |    123 |     13 |   1 |  238.0 |
               +--------+--------+--------+--------+--------+-----+--------+

Top non-repeatable levels by time:
     D:4: 944 daAuts
     D:3: 909 daAuts
     D:2: 691 daAuts
     D:1: 642 daAuts
   Sewer: 238 daAuts
  Temple: 31 daAuts
